Workbook

Sheet Instructions
A1: Guidance Notes for Three Year Budget Plan 2025-28
A3: Please read the notes below carefully to ensure you are completing the plan correctly.
A4: All budget lines reflect Consistent Financial Reporting (CFR) classifications.
A5: On the Three Year Plan tab, input data in the yellow coloured cells only.
A6: Please include notes re assumptions used and any differences between the 3 years in Column U
A7: Significant changes should be linked to the School Development plan or Asset Management Plan - include a reference ("SDP"; "AMP"; date of Governors meeting) in Column U.
A8: Future years can be based on either Y1 'Current Budget' or Y1 'Projected Outturn' by using the purple drop-down box (cell H2). 'Current Budget' ( column H) should be completed for initial submission; 'Projected Outturn' (Column I) should be completed during the year. Use the 3 year plan as a working document, updating for significant changes eg 6 month and 9 month budget monitoring.
A9: Please remember to include the name of the school at the top of the plan.
A11: NOR | B11: Please include figures for the census relating to the budget plan (eg Oct 24 census for 2025/26; forecast Oct 25 census for 2026/27, etc) - main school figures in Row 5; Nursery / RU / 6th Form in Row 6.
A13: SCHOOLS WITH AN 'E' BUDGET
A14: The DfE views a school as a single entity (ie B and E budget combined). Any information held on eg the benchmarking website will relate to both cost centres. Please complete the separate 'E budget' tab if you have one.
A16: Prior Years 2023-24 and 2024-25
A17: We have included 2 prior years on the template as it is helpful for Governors to see historic trends. Complete column D and F per the final (p13) CFR report.
A19: 2025-26
A20: Complete column H per 2025/26 Annual Budget Plan.
A21: Column I 'Projected Outturn' does not need to be completed on submission. It should be used as a working document throughout the year and the 'Projected Outturn' column should reflect any significant changes. Rationale and detail should be entered into the 'Notes' cells.
A23: Y1 PROJECTED OUTTURN AND YEARS 2 & 3
A24: GRANT FUNDING
A25: Funding figures for Years 2 and 3 should only change if pupil numbers change (known or realistic expectation). Do not include any inflation or other changes to funding as this is unknown.
A26: I01 Budget Share | B26: Use the 2025/26 Budget Notification spreadsheet to calculate any adjustments due to NOR changes for Years 2 and 3. Please include rationale for any adjustments in the 'Notes' cell.
A27: I01 Teachers Pay & Pension Grants | B27: These were rolled into AWPU in 22-23 for most schools other than Special Schools and Nursery Schools/classes. The grants no longer exist separately for any school in 23-24. TPAG & TPECG 2024 rolled into AWPU in 2025/26.
A28: I01 Wraparound Childcare Programme | B28: Breakfast Club - Only use if applied for & accepted
A29: I01 National Insurance Grant | B29: Allocations of this new grant for 2025-26 is to be advised by DfE later this year, no info available at the moment
A30: I03 High Needs Top-up | B30: Should be estimated using information from Sarah Ward. Adjustments for Years 2 & 3 should be based on school's knowledge of existing pupils - include details in the 'Notes' column.
A31: I05 Pupil Premium | B31: Adjust for any changes in relevant pupil numbers (ie current £ per pupil x school estimate of pupil numbers) - include details in the 'Notes' column.
A32: I18C Recovery Premium | B32: Discontinued after academic year 23-24. Do not use in Years 1 - 5.
A33: I18C School-led tutoring | B33: Discontinued after academic year 23-24. Do not use in Years 1 - 5.
A34: I18 PE Grant | B34: Confirmed continuation for academic years 23-24 and 24-25. Assume funding is calculated as in PYs (adjust for NOR changes). Ensure use is in line with up to date guidance (no capital) and corresponding expenditure has been included.
A35: I18 UIFSM | B35: Ensure that funding matches expenditure (funding currently at £2.58/meal, less than expected meal price increase). NB UIFSM does not cover meals for actual FSM children in infant classes.
A37: SELF-GENERATED INCOME
A38: Include assumptions and differences between the years in the 'Notes' column. Do not use donations as a balancing figure.
A40: TOTAL REVENUE INCOME ("TRI")
A41: This is Total 'Grant Funding' plus Total 'Self-Generated Income'.
A43: EXPENDITURE
A44: STAFF COSTS | B44: The 3 year plan should include all increments and expected staff changes but an inflationary increase is not needed, unless you can afford it (1-3%). Ensure Governor are aware of your methodology by including details in the 'Notes' cells. Funding has not been inflated.
A45: E01 to E07 | B45: Please use Bursar Support's Salary Spreadsheet to calculate employee costs: Totals are shown on the 'Salaries' tab of the tool (ensure the drop down box in A1 is set to 'TOTAL'); on the 'Year 2' and 'Year 3' tabs an uplift of 0% is acceptable to apply no inflationary increase, but a % uplift of 1-3% can be applied (depending on what is affordable) (cells CD2, CD3 and CH2 for Year 2; cells CF2, CF3 and CJ2 for Year 3). Input the totals generated directly into the yellow cells on the face of the plan.
B46: The 'Notes' cells must be used to show detail of any significant changes year on year.
A47: E08-E11 Indirect Employee Cost | B47: Indirect Employee Costs are NOT generated by the Salary Commitment Tool. Please enter the costs directly into the yellow cells of the plan.
A48: NON-STAFFING COSTS | B48: Expenditure in Years 1-3, please enter the costs directly into the yellow cells of the plan. Inflationary increases are not required as funding has not been inflated. However included any increases due to NOR changes, SDP plans, etc.
B49: - 25/26 Projected Outturn, select this option from the drop-down menu in cell H2 if you are using it as a working document throughout the year.
B50: - Year 2 is 2026/27 (the b/f from 25/26 will be per the budget plan if 'Current Year' is selected in the purple box H2, or per the 'Projected Outturn' if selected)
A52: E BUDGET
A53: E Budget | B53: These totals calculate from the 'E Budget' tab.
A55: SURPLUS/(DEFICIT) POSITION
A56: b/f Surplus/ (deficit) | B56: Shows the brought forward position from the previous year - input for the beginning of 23/24 and then calculated automatically
A57: In year balance | B57: I.e., TRI less expenditure
A58: Surplus/ (deficit) at YE | B58: Shows the expected surplus (Schools may be used to calling this the "Contingency" for the current year) or deficit position at the year end (calculated automatically).
A60: STAFFING METRICS
A61: The Integrated Curriculum and Financial Planning methodology ("ICFP") includes 12 metrics that are useful for monitoring the financial resilience of a School's budget and 3 year plans. We have included some here that can be directly generated from the budget plan/CFR report.
A62: The metrics are a useful starting point for discussion and a tool to enable a school to ensure its financial resilience. It may be helpful to download historic data for the School from the Benchmarking Website and track the trend over the last 5 years.
A64: The following data is used for the metrics:
A65: "TRI" Total Revenue Income | B65: All the CFR "I" codes, ie Total Grant Funding + Total Self-Generated Income
A66: "TTC" Total Teaching Staff Costs | B66: E01 + E02 + E26 + any teaching staff costs included in another CFR code (eg an external head; language teachers under E28). Teaching staff costs includes non-classroom based teachers (eg leadership).
A67: "CSC" Curriculum Staff Costs | B67: E03, ie the costs of TAs and HLTAs.
A68: "NCSC" Non-Curriculum Staff Costs | B68: E04 + E05 + E06 + E07. Where services are externally contracted (eg cleaning, catering, etc), include the labour cost under NCSC.
A69: Total Staff Costs | B69: TTC + CSC + NCSC (ie E01 to E11 + E26). You could also make adjustments for staff costs included in cleaning, catering contracts, etc and any external teachers under E28. Or you may want to compare this to Total Staff Pay costs (ie E01 to E07 + E26). Ensure Governors are aware of how this has been calculated.
A70: Benchmarks
A71: Total Staff Costs | B71: 78% for Primary schools; 75% for secondaries. Any higher, and the school may struggle to cover its fixed costs as well as invest in longer term resources, eg buildings, IT, etc.
A72: Total Teaching Costs | B72: Primary Schools less than 50% of TRI; Secondary Schools may find they spend slightly more.
A73: Curriculum Staff Costs | B73: Primary Schools less than 15% of TRI; Secondary Schools less than 12%.
A75: Years 1 and 2
A76: Years 1 and 2 must balance or at least be break-even. If not, you will need to contact Bursar Support who will then follow up with details of the Deficit Application process.
A78: Governors Sign-off
A79: Please ensure that the plan is discussed by the Governors at FGB and signed off by the Chair of Governors (FGB Sign-off tab) before submitting a copy to Bursar Support by 31 May 2025

Sheet Three Year Plan
A1: THREE YEAR BUDGET PLAN 2025/28 | F1: SCHOOL: | H1: HOLY TRINITY SUNNINGDALE | K1: Cost Centre: | M1: FAWB
H2: Current Budget
A3: INPUT DATA IN YELLOW COLOURED CELLS ONLY. | C3: Notes | D3: Prior Year (actual) | H3: Current Budget Year 1 | I3: Projected Outturn | K3: Year 2 | M3: Year 3 | O3: Notes (re assumptions and changes between years)
D4: 2023/24 | F4: 2024/25 | H4: 2025/26 | K4: 2026/27 | M4: 2027/28
A5: Deficit Recovery Year | F5: Deficit Year 1 | H5: Deficit Year 2 | K5: Deficit Year 3 | M5: Deficit Year 4
A6: NOR - Main School (Oct 22/23/24/25/26) | D6: 212 | F6: 207 | H6: 208 | K6: 208 | M6: 210 | O6: [comments on significant changes]
A7: NOR - Nursery / RU / 6th Form | O7: [comments on significant changes]
A9: Income
A10: Grant Funding
A11: I01 | B11: Budget Share | D11: 950482 | F11: 982902 | H11: 1059127 | I11: 1059127 | K11: 1059127 | M11: 1067273 | O11: 23/24 onwards does not include rates funding.
A12: I01 | B12: Early Years Funding (2yrs, 3&4 yrs)
A13: I01 | B13: Early Years Funding (9 months to 2yrs)
A14: I01 | B14: Wraparound Childcare Programme | D14: 0 | F14: 0 | O14: Breakfast Club - Only use if applied for & accepted
A15: I01 | B15: SEN Resource Unit Place Funding
A16: I01 | B16: Teachers Pay & Pension Grants | F16: 0 | H16: 0 | I16: 0 | K16: 0 | M16: 0 | O16: Up to 20/21 only. Nurseries up to 22/23 only, Special schls up to 23/24 only
A17: I01 | B17: National Insurance Grant 25/26 | D17: 0 | F17: 0 | H17: 20672 | I17: 20672 | K17: 20672 | M17: 20672 | O17: Allocations of this new grant for 2025-26 is to be advised by DfE later this year, no info available at the moment
A18: I01 | B18: Supplementary Grant 22/23 & 23/24 | F18: 0 | H18: 0 | I18: 0 | K18: 0 | M18: 0 | O18: Up to 22/23 only. Nurseries up to 23/24 only
A19: I01 | B19: MSAG 23/24 | D19: 33330 | F19: 0 | H19: 0 | I19: 0 | K19: 0 | M19: 0 | O19: Up to 23/24 only.
A20: I01 | B20: TPAG 23/24 & 24/25 (Teachers Pay Additional Grant) | D20: 10053 | F20: 16867 | H20: 0 | I20: 0 | K20: 0 | M20: 0 | O20: Up to 24/25 only.
A21: I01 | B21: Teachers Pension Grant - Post 16 & TPECG 2024 | D21: 0 | F21: 20427 | O21: Post 16 only. TPECG 2024 upto 24/25 only
A22: I01 | B22: Core Schools Budget Grant (CSBG) | D22: 0 | F22: 20832 | H22: 0 | I22: 0 | K22: 0 | M22: 0 | O22: 24/25 only.
A23: I01 | B23: Early Years Budget Grant (EYBG) | D23: 0 | H23: 0 | I23: 0 | K23: 0 | M23: 0 | O23: 24/25 only.
A24: I02 | B24: ESFA Funding for Sixth Form | O24: Sixth Form only
A25: I03 | B25: High Needs Top-Up Funding | D25: 41102 | F25: 30353 | H25: 41000 | I25: 41000 | K25: 41000 | M25: 41000
A26: I05 | B26: Pupil Premium | D26: 27220 | F26: 25974 | H26: 28265 | I26: 28265 | K26: 28265 | M26: 28265
A27: I06 | B27: Other Government Grants
A28: I07 | B28: Other Grants
A29: I18C | B29: (COVID) Recovery Premium | D29: 4939 | F29: 1196 | H29: 0 | I29: 0 | K29: 0 | M29: 0 | O29: Up to Aug 2024 only.
A30: I18C | B30: (COVID) School-led Tutoring | F30: 450 | H30: 0 | I30: 0 | K30: 0 | M30: 0 | O30: Up to Aug 2024 only.
A31: I18D | B31: Primary PE and Sports Grant | D31: 17931 | F31: 17810 | H31: 17790 | I31: 17790 | K31: 17790 | M31: 17790
A32: I18D | B32: UIFSM | D32: 40249 | F32: 35051 | H32: 43217 | I32: 43217 | K32: 43217 | M32: 43217
B33: [Other] | D33: 3383 | F33: 3743
A34: Total Grant Funding | D34: =SUM(D11:D33) -> 1128689 | F34: =SUM(F11:F33) -> 1155605 | H34: =SUM(H11:H33) -> 1210071 | I34: =SUM(I11:I33) -> 1210071 | K34: =SUM(K11:K33) -> 1210071 | M34: =SUM(M11:M33) -> 1218217
A35: Self-Generated Income
A36: I08a | B36: Lettings
A37: I08b | B37: Facilities and services | D37: 29017 | F37: 10513 | H37: 9398 | I37: 9398 | K37: 9398 | M37: 9398
A38: I09 | B38: Catering
A39: I10-11 | B39: Insurance Receipts | D39: 10820
A40: I12 | B40: Contributions to Visits, etc | D40: 33247 | F40: 41110 | H40: 40000 | I40: 40000 | K40: 40000 | M40: 40000
A41: I13 | B41: Donations/Voluntary Funds | D41: 2864 | F41: 63098 | H41: 20000 | I41: 20000 | K41: 20000 | M41: 20000
B42: [Other]
A43: Total Self-Generated Income | D43: =SUM(D36:D42) -> 75948 | F43: =SUM(F36:F42) -> 114721 | H43: =SUM(H36:H42) -> 69398 | I43: =SUM(I36:I42) -> 69398 | K43: =SUM(K36:K42) -> 69398 | M43: =SUM(M36:M42) -> 69398
A44: Total Revenue Income ("TRI") | D44: =D34+D43 -> 1204637 | F44: =F34+F43 -> 1270326 | H44: =H34+H43 -> 1279469 | I44: =I34+I43 -> 1279469 | K44: =K34+K43 -> 1279469 | M44: =M34+M43 -> 1287615
A46: Expenditure
A47: E01 | B47: Teaching Staff | D47: 578391 | F47: 646015 | H47: 680466 | I47: 680466 | K47: 680466 | M47: 680466
A48: E02 | B48: Supply Staff | D48: 2600 | F48: 1400
A49: E03 | B49: Support Staff | D49: 293487 | F49: 225861 | H49: 220055 | I49: 220055 | K49: 220055 | M49: 220055
A50: E04 | B50: Premises Staff | D50: 34300 | F50: 36758 | H50: 39110 | I50: 39110 | K50: 39110 | M50: 39110
A51: E05 | B51: Administration & Clerical Staff | D51: 62340 | F51: 68099 | H51: 71502 | I51: 71502 | K51: 71502 | M51: 71502
A52: E06-7 | B52: Other Staff | D52: 6380 | F52: 5861 | H52: 4329 | I52: 4329 | K52: 4329 | M52: 4329
A53: E08-11 | B53: Indirect Employee Costs | D53: 12296 | F53: 39263 | H53: 10635 | I53: 10635 | K53: 10635 | M53: 10635
A54: Total Staff Costs | D54: =SUM(D47:D53) -> 989794 | F54: =SUM(F47:F53) -> 1023257 | H54: =SUM(H47:H53) -> 1026097 | I54: =SUM(I47:I53) -> 1026097 | K54: =SUM(K47:K53) -> 1026097 | M54: =SUM(M47:M53) -> 1026097
A56: E12-18 | B56: Premises Related Costs (not E16 & E17) | D56: 39149 | F56: 75080 | H56: 42884 | I56: 42884 | K56: 42884 | M56: 42884
A57: E16 | B57: Energy costs | D57: 19684 | F57: 14875 | H57: 18000 | I57: 18000 | K57: 18000 | M57: 18000
A58: E17 | B58: Rates | D58: 0 | F58: 3743 | H58: 0 | I58: 0 | K58: 0 | M58: 0 | O58: 22/23 Change in Rates - schools no longer receive funding or cost except for Nurseries
A59: E19 | B59: Learning resources not ICT | D59: 69802 | F59: 69248 | H59: 62000 | I59: 62000 | K59: 58000 | M59: 54000
A60: E20 | B60: ICT Learning resources | D60: 24416 | F60: 22347 | H60: 26085 | I60: 26085 | K60: 26085 | M60: 26085
A61: E21-23 | B61: Other Supplies & Services | D61: 15084 | F61: 13688 | H61: 12776 | I61: 12776 | K61: 12776 | M61: 12776
A62: E24 | B62: Special facilities
A63: E25 | B63: Catering Supplies | D63: 42559 | F63: 46720 | H63: 55217 | I63: 55217 | K63: 55217 | M63: 55217
A64: E26 | B64: Agency Supply Teaching Staff
A65: E27 | B65: Bought in services - curriculum | D65: 14186 | F65: 13549 | H65: 12965 | I65: 12965 | K65: 12965 | M65: 12965
A66: E28 | B66: Bought in services - other | D66: 22870 | F66: 22411 | H66: 20163 | I66: 20163 | K66: 20163 | M66: 20163
A67: E29 | B67: Loan Interest
A68: E30 | B68: Revenue contribution to Capital
A69: E31-32 | B69: Community focused staff and costs
K70: =IF($H$2="current budget",#REF!,#REF!) -> #REF!
K71: =IF($H$2="current budget",#REF!,#REF!) -> #REF!
A72: Total Non-Staffing Costs | D72: =SUM(D56:D71) -> 247750 | F72: =SUM(F56:F71) -> 281661 | H72: =SUM(H56:H71) -> 250090 | I72: =SUM(I56:I71) -> 250090 | K72: =SUM(K56:K69) -> 246090 | M72: =SUM(M56:M71) -> 242090
A74: Total Expenditure | D74: =SUM(D54+D72) -> 1237544 | F74: =SUM(F54+F72) -> 1304918 | H74: =SUM(H54+H72) -> 1276187 | I74: =SUM(I54+I72) -> 1276187 | K74: =SUM(K54+K72) -> 1272187 | M74: =SUM(M54+M72) -> 1268187
A76: Surplus / (Deficit) Position
A77: Surplus/(Deficit) b/f from Prior Year | D77: 38467 | F77: =D79 -> 5560 | H77: =F79 -> -29032 | I77: =IF($H$2="current budget",0,F79) -> 0 | K77: =IF(H2="Projected yr end", I79,H79) -> -25750 | M77: =K79 -> -18468
A78: In-Year Balance (TRI less Exp) | D78: =D44-D74 -> -32907 | F78: =F44-F74 -> -34592 | H78: =H44-H74 -> 3282 | I78: =I44-I74 -> 3282 | K78: =K44-K74 -> 7282 | M78: =M44-M74 -> 19428
A79: Surplus/(Deficit) at year end | D79: =SUM(D77:D78) -> 5560 | F79: =SUM(F77:F78) -> -29032 | H79: =SUM(H77:H78) -> -25750 | I79: =SUM(I77:I78) -> 3282 | K79: =SUM(K77:K78) -> -18468 | M79: =SUM(M77:M78) -> 960 | O79: Deficit Reduction Plan required if Deficit in Year 1 or 2.
A81: Surplus/(Deficit) as % of Budget Share | D81: =D79/D11 -> 0.0058496636 | F81: =F79/F11 -> -0.029537024 | H81: =H79/H11 -> -0.024312476 | I81: =I79/I11 -> 0.0030987785 | K81: =K79/K11 -> -0.017437002 | M81: =M79/M11 -> 0.0008994887
A83: STAFFING METRICS (see 'Instructions' tab)
A84: TOTAL STAFF COSTS ** / TRI | D84: =(D54+D64)/D44 -> 0.82165333 | F84: =(F54+F64)/F44 -> 0.80550741 | H84: =(H54+H64)/H44 -> 0.80197097 | I84: =(I54+I64)/I44 -> 0.80197097 | K84: =(K54+K64)/K44 -> 0.80197097 | M84: =(M54+M64)/M44 -> 0.79689736 | O84: DfE Benchmark to be below 78% (Primary); 75% (Secondary)
A86: TOTAL TEACHING COSTS ** / TRI | D86: =(D47+D48+D64)/D44 -> 0.4822955 | F86: =(F47+F48+F64)/F44 -> 0.50964477 | H86: =(H47+H48+H64)/H44 -> 0.53183469 | I86: =(I47+I48+I64)/I44 -> 0.53183469 | K86: =(K47+K48+K64)/K44 -> 0.53183469 | M86: =(M47+M48+M64)/M44 -> 0.52847008 | O86: DfE Benchmark to be below 49% (Primary); 54% (Secondary)
A88: CURRIC SUPPORT STAFF COSTS (E03) / TRI | D88: =D49/D44 -> 0.24363107 | F88: =F49/F44 -> 0.17779767 | H88: =H49/H44 -> 0.17198932 | I88: =I49/I44 -> 0.17198932 | K88: =K49/K44 -> 0.17198932 | M88: =M49/M44 -> 0.17090124
A90: NON-CURRICULUM STAFF COSTS ** / TRI | D90: =(D50+D51+D52)/D44 -> 0.085519538 | F90: =(F50+F51+F52)/F44 -> 0.087157155 | H90: =(H50+H51+H52)/H44 -> 0.089834924 | I90: =(I50+I51+I52)/I44 -> 0.089834924 | K90: =(K50+K51+K52)/K44 -> 0.089834924 | M90: =(M50+M51+M52)/M44 -> 0.08926659
B92: Current Budget
B93: Projected yr end
A95: FGB Sign Off | C95: 2020/21 | D95: 2020/21 | F95: 2021/22 | H95: 2022/23 | I95: 2022/23 | K95: 2023/24 | M95: 2024/25
C96: £ | D96: £ | F96: £ | H96: £ | I96: £ | K96: £ | M96: £
A97: Surplus/(Deficit) at year end | C97: #REF! | D97: =D79 -> 5560 | F97: =F79 -> -29032 | H97: =H79 -> -25750 | I97: =I79 -> 3282 | K97: =K79 -> -18468 | M97: =M79 -> 960
A99: STAFFING RATIOS | C99: 45566 | D99: =D4 -> 2023/24 | F99: =F4 -> 2024/25 | H99: =H3 -> Current Budget Year 1 | I99: =I3 -> Projected Outturn | K99: =K4 -> 2026/27 | M99: =M4 -> 2027/28
A100: PUPIL TEACHER RATIO (NOR/FTE Teachers) | C100: =C107/C108 -> #REF! | D100: =D107/D108 -> 23.820225 | F100: =F107/F108 -> 23.258427 | H100: =H107/H108 -> 23.370787 | I100: =I107/I108 -> 23.370787 | K100: =K107/K108 -> 23.370787 | M100: =M107/M108 -> 23.595506
A101: TEACHER CONTACT RATIO (No of classes/FTE Teachers) | C101: =C110/C108 -> #DIV/0! | D101: =D110/D108 -> 0.78651685 | F101: =F110/F108 -> 0.78651685 | H101: =H110/H108 -> 0.78651685 | I101: =I110/I108 -> 0.78651685 | K101: =K110/K108 -> 0.78651685 | M101: =M110/M108 -> 0.78651685
A102: AVERAGE TEACHER COST (Total Teacher Cost/FTE Teachers) | C102: =SUM(#REF!+#REF!+C23)/C109 -> #REF! | D102: =SUM(D47+D48+D64)/D109 -> 65279.888 | F102: =SUM(F47+F48+F64)/F109 -> 72743.258 | H102: =SUM(H47+H48+H64)/H109 -> 76456.854 | I102: =SUM(I47+I48+I64)/I109 -> 76456.854 | K102: =SUM(K47+K48+K64)/K109 -> 76456.854 | M102: =SUM(M47+M48+M64)/M109 -> 76456.854
A103: AVERAGE CLASS SIZE (NOR/No of classes) | C103: =C107/C110 -> #REF! | D103: =D107/D110 -> 30.285714 | F103: =F107/F110 -> 29.571429 | H103: =H107/H110 -> 29.714286 | I103: =I107/I110 -> 29.714286 | K103: =K107/K110 -> 29.714286 | M103: =M107/M110 -> 30
A104: ** See 'Notes' tab for benchmarks
A106: DATA | C106: 45566
A107: NOR (main school) | C107: =#REF! -> #REF! | D107: =D6 -> 212 | F107: =F6 -> 207 | H107: =H6 -> 208 | I107: =H6 -> 208 | K107: =K6 -> 208 | M107: =M6 -> 210
A108: Teachers FTE (main school) | D108: 8.9 | F108: 8.9 | H108: 8.9 | I108: 8.9 | K108: 8.9 | M108: 8.9
A109: Teachers FTE (whole school incl Nursery, RU, etc) | D109: 8.9 | F109: 8.9 | H109: 8.9 | I109: 8.9 | J109: 8.9 | K109: 8.9 | M109: 8.9
A110: No of Classes (main school) | D110: 7 | F110: 7 | H110: 7 | I110: 7 | K110: 7 | M110: 7

Sheet E Budget
A1: THREE YEAR E BUDGET PLAN 2025/28 | F1: SCHOOL: | G1: ='Three Year Plan'!H1 -> HOLY TRINITY SUNNINGDALE | K1: Cost Centre:
H2: Current Budget
A3: INPUT DATA IN YELLOW COLOURED CELLS ONLY. | C3: Notes | D3: Prior Year (actual) | H3: Current Budget Year 1 | I3: Projected Outturn | K3: Year 2 | M3: Year 3 | O3: Notes (re changes between Y1, Y2 and Y3) | Q3: Current Budget
D4: ='Three Year Plan'!D4 -> 2023/24 | F4: ='Three Year Plan'!F4 -> 2024/25 | H4: 2025/26 | K4: ='Three Year Plan'!K4 -> 2026/27 | M4: ='Three Year Plan'!M4 -> 2027/28 | Q4: Projected yr end
A5: Income
A6: Self-Generated Income
A7: I08b | B7: Facilities and services
A8: I13 | B8: Donations/Voluntary Funds
B9: [Other]
A10: Total Revenue Income ("TRI") | D10: =SUM(D7:D9) -> 0 | E10: =SUM(E7:E9) -> 0 | F10: =SUM(F7:F9) -> 0 | H10: =SUM(H7:H9) -> 0 | I10: =SUM(I7:I9) -> 0 | K10: =SUM(K7:K9) -> 0 | M10: =SUM(M7:M9) -> 0
A11: Expenditure
A12: E03 | B12: Education Support Staff
A13: E05 | B13: Admin and Clerical
A14: E08-11 | B14: Indirect Employee Costs
A15: E19 | B15: Learning resources not ICT
A16: E25 | B16: Catering Supplies
A17: E28 | B17: Bought in services - other
A18: Total Expenditure | D18: =SUM(D12:D17) -> 0 | F18: =SUM(F12:F17) -> 0 | H18: =SUM(H12:H17) -> 0 | I18: =SUM(I12:I17) -> 0 | K18: =SUM(K12:K17) -> 0 | M18: =SUM(M12:M17) -> 0
A20: Surplus / (Deficit) Position
A21: Surplus/(Deficit) b/f from Prior Year | F21: =D23 -> 0 | H21: =F23 -> 0 | I21: =IF($H$2="current budget",0,F23) -> 0 | K21: =IF(H2="Projected yr end", I23,H23) -> 0 | M21: =K23 -> 0
A22: In-Year Balance (TRI less Expenditure) | D22: =D10-D18 -> 0 | F22: =F10-F18 -> 0 | H22: =H10-H18 -> 0 | I22: =I10-I18 -> 0 | K22: =K10-K18 -> 0 | M22: =M10-M18 -> 0
A23: Surplus/(Deficit) at year end | D23: =SUM(D21:D22) -> 0 | F23: =SUM(F21:F22) -> 0 | H23: =SUM(H21:H22) -> 0 | I23: =SUM(I21:I22) -> 0 | K23: =SUM(K21:K22) -> 0 | M23: =SUM(M21:M22) -> 0

Sheet Balances
A1: ANALYSIS OF REVENUE BALANCES | D1: SCHOOL: | E1: ='Three Year Plan'!H1 -> HOLY TRINITY SUNNINGDALE | H1: Cost Centre: | I1: ='Three Year Plan'!M1 -> FAWB
A2: 2025-28
B3: £
A4: Balances at 1.4.25 | B4: ='Three Year Plan'!H77 -> -29032
A6: Uncommitted Balances | C6: Max: Secondary 5% of TRI; Primary 8% of TRI
A7: Committed Balances | C7: Should agree to Balance Control Mechanism submission
A9: Balances at 1.4.25 | B9: =SUM(B6:B8) -> 0 | C9: = B4 above
B10: =IF(B9=B4,"","ERROR") -> ERROR
E11: Costs in 2025-26 Budget Plan
A12: COMMITTED BALANCES | B12: At 1.4.25 | C12: SDP Reference | D12: Expected Yrs of project | E12: eg E19 | F12: eg E21 | G12: E | H12: E | I12: E | J12: c/f at 31.3.26
B13: £ | E13: £ | F13: £ | G13: £ | H13: £ | I13: £ | J13: £
A14: eg IT Project | J14: =B14-SUM(E14:I14) -> 0
A15: Library Project | J15: =B15-SUM(E15:I15) -> 0
A16: etc | J16: =B16-SUM(E16:I16) -> 0
J17: =B17-SUM(E17:I17) -> 0
J18: =B18-SUM(E18:I18) -> 0
J19: =B19-SUM(E19:I19) -> 0
J20: =B20-SUM(E20:I20) -> 0
J21: =B21-SUM(E21:I21) -> 0
J22: =B22-SUM(E22:I22) -> 0
J23: =B23-SUM(E23:I23) -> 0
J24: =B24-SUM(E24:I24) -> 0
J25: =B25-SUM(E25:I25) -> 0
J26: =B26-SUM(E26:I26) -> 0
J27: =B27-SUM(E27:I27) -> 0
J28: =B28-SUM(E28:I28) -> 0
... J30: =B30-SUM(E30:I30) -> 0
B32: =SUM(B14:B30) -> 0 | J32: =SUM(J14:J30) -> 0
B33: =IF(B32=B7,"","ERROR")
A34: Please refer to the DfE's Consistent Financial Reporting Framework for appropriate use of Committed Balances.
A35: Committed Balances should tie into the School Development Plan.
A36: This might include:
A37: Specific grants carried forward from one financial year to the next (particularly when they relate to an academic year) eg Pupil Premium, Coronavirus Catch-up Funding, etc
A38: A planned investment projects, eg IT investment, improvements to the site and buildings, etc. These projects should be specifically agreed in the School Development Plan and include a start date and expected time to completion
A39: Significant and known short-term changes to pupil numbers (eg Garrison changes)
A40: Staffing - only where there are specific short-term and one-off costs in response to needs identified by Ofsted or as a result of staff restructuring.

Sheet Capital Budget
A1: CAPITAL BUDGET PLAN 2025/28 | F1: SCHOOL: | G1: ='Three Year Plan'!H1 -> HOLY TRINITY SUNNINGDALE | J1: Cost Centre:
A3: INPUT DATA IN YELLOW COLOURED CELLS ONLY. | C3: Notes | D3: Prior Year (actual) | H3: Current Budget Year 1 | J3: Year 2 | L3: Year 3 | N3: Notes Y1 | O3: Notes Y2 | P3: Notes Y3 | R3: Current Budget
D4: ='Three Year Plan'!D4 -> 2023/24 | F4: ='Three Year Plan'!F4 -> 2024/25 | H4: {='Three Year Plan'!H4:I4} -> 2025/26 | I4: 0 | J4: ='Three Year Plan'!K4 -> 2026/27 | L4: ='Three Year Plan'!M4 -> 2027/28 | R4: Projected yr end
A5: Capital Income
A6: CI01 | B6: Capital Income
A7: CI03 | B7: Voluntary or Private Income
A8: CI04 | B8: Direct Revenue Financing | D8: ='Three Year Plan'!D68 -> 0 | F8: ='Three Year Plan'!F68 -> 0 | H8: ='Three Year Plan'!H68 -> 0 | J8: ='Three Year Plan'!K68 -> 0 | L8: ='Three Year Plan'!M68 -> 0
D9: =SUM(D6:D8) -> 0 | E9: =SUM(E6:E8) -> 0 | F9: =SUM(F6:F8) -> 0 | H9: =SUM(H6:H8) -> 0 | J9: =SUM(J6:J8) -> 0 | L9: =SUM(L6:L8) -> 0
A11: Capital Expenditure
A12: CE01 | B12: Acquisition of land and existing buildings
A13: CE02 | B13: New construction, conversion, renovation
A14: CE03 | B14: Vehicles, plant, equipment & machinery
A15: CE04 | B15: ICT
D16: =SUM(D12:D15) -> 0 | F16: =SUM(F12:F15) -> 0 | H16: =SUM(H12:H15) -> 0 | J16: =SUM(J12:J15) -> 0 | L16: =SUM(L12:L15) -> 0
A18: Surplus / (Deficit) Position
A19: Surplus/(Deficit) b/f from Prior Year | F19: =D21 -> 0 | H19: =F21 -> 0 | J19: =H21 -> 0 | L19: =J21 -> 0
A20: In-Year Balance | D20: =D9-D16 -> 0 | F20: =F9-F16 -> 0 | H20: =H9-H16 -> 0 | J20: =J9-J16 -> 0 | L20: =L9-L16 -> 0
A21: Surplus/(Deficit) at year end | D21: =SUM(D19:D20) -> 0 | F21: =SUM(F19:F20) -> 0 | H21: =SUM(H19:H20) -> 0 | J21: =SUM(J19:J20) -> 0 | L21: =SUM(L19:L20) -> 0

Sheet Governor Sign-off
A1: THREE YEAR BUDGET PLAN 2025/28 | D1: SCHOOL: | E1: ='Three Year Plan'!H1 -> HOLY TRINITY SUNNINGDALE
A3: YEAR-END BALANCE | C3: Prior Year | D3: Prior Year | E3: Year 1 | F3: Year 2 | G3: Year 3
C4: ='Three Year Plan'!D4 -> 2023/24 | D4: ='Three Year Plan'!F4 -> 2024/25 | E4: 2025/26 | F4: ='Three Year Plan'!K4 -> 2026/27 | G4: ='Three Year Plan'!M4 -> 2027/28
C5: £ | D5: £ | E5: £ | F5: £ | G5: £
A6: ='Three Year Plan'!M1 -> FAWB | C6: ='Three Year Plan'!D79 -> 5560 | D6: ='Three Year Plan'!F79 -> -29032 | E6: ='Three Year Plan'!H79 -> -25750 | F6: ='Three Year Plan'!K79 -> -18468 | G6: ='Three Year Plan'!M79 -> 960
A7: ='E Budget'!M1 -> 0 | C7: ='E Budget'!D23 -> 0 | D7: ='E Budget'!F23 -> 0 | E7: ='E Budget'!H23 -> 0 | F7: ='E Budget'!K23 -> 0 | G7: ='E Budget'!M23 -> 0
A8: Total YE balance (B + E) | C8: =C6+C7 -> 5560 | D8: =D6+D7 -> -29032 | E8: =E6+E7 -> -25750 | F8: =F6+F7 -> -18468 | G8: =G6+G7 -> 960
A11: The above plan has been agreed by the Governing Body of | E11: =E1 -> HOLY TRINITY SUNNINGDALE
A13: at its meeting of
A16: Signed (Headteacher): | D16: Signed (Chair of Governors):
A18: Printed (Headteacher): | D18: Printed (Chair of Governors):
A20: Date: | D20: Date:
A23: School 3 Year Budget Plan to be returned to BST by 31 May 2025
